[ AOE2 MATCH · #480034475 ]
Team RMTatars vs Goths
[ REPLAY ANALYSIS · EXTRACTED FROM THE RECORDED GAME ]
Feudal
9:17
Castle
33:48
Imperial
56:28
| APM avg | 10.5 |
| APM peak | 30 |
| eAPM avg | 7.2 |
| Villagers / military | 74 / 511 |
Focus
⚔️ 35.8% · 🌾 64.2%
Spearman ×303 · Steppe Lancer ×162 · Keshik ×43 · Trade Cart ×18 · Battering Ram ×3
Feudal
10:16
Castle
18:48
Imperial
35:43
| APM avg | 38.2 |
| APM peak | 133 |
| eAPM avg | 25.5 |
| Villagers / military | 160 / 637 |
Focus
⚔️ 40.7% · 🌾 59.3%
Karambit Warrior ×493 · Scorpion ×66 · Spearman ×47 · Battle Elephant ×15 · Trebuchet (Packed) ×11 · Bombard Cannon ×3
Feudal
11:38
Castle
29:50
Imperial
—
| APM avg | 10.5 |
| APM peak | 42 |
| eAPM avg | 6.6 |
| Villagers / military | 96 / 82 |
Focus
⚔️ 26.1% · 🌾 73.9%
Serjeant ×57 · Spearman ×19 · Monk ×2 · Petard ×2 · Scout Cavalry ×2
Feudal
11:25
Castle
25:28
Imperial
64:39
| APM avg | 13.4 |
| APM peak | 66 |
| eAPM avg | 6.7 |
| Villagers / military | 76 / 186 |
Focus
⚔️ 29.8% · 🌾 70.2%
Camel Archer ×97 · Spearman ×51 · Camel Scout ×32 · Trebuchet (Packed) ×3 · Monk ×2 · Scout Cavalry ×1
Feudal
—
Castle
—
Imperial
—
| APM avg | 25.3 |
| APM peak | 78 |
| eAPM avg | 11.3 |
| Villagers / military | 93 / 357 |
Focus
⚔️ 20.7% · 🌾 79.3%
Spearman ×172 · Skirmisher ×115 · Archer ×32 · Cavalry Archer ×19 · Huskarl ×15 · Militia ×4
Feudal
10:45
Castle
19:08
Imperial
33:33
| APM avg | 28.0 |
| APM peak | 95 |
| eAPM avg | 10.7 |
| Villagers / military | 110 / 742 |
Focus
⚔️ 46.3% · 🌾 53.7%
Shotel Warrior ×528 · Archer ×122 · Scout Cavalry ×75 · Bombard Cannon ×14 · Trade Cart ×8 · Monk ×3
Match map
Initial resources + every placement click. Lines = walls · curves = elevation contours. ◆ gold · ⬟ stone · ● berries · ✦ relic · ◌ wall gap
Your base· Open — unwalled flank
Siku Liao's base· Open — unwalled flank
Miku Lito's base· Open — unwalled flank
Jhavi's base· Open — unwalled flank
emilioOreo3217's base· Open — 9t gap
Mitocondria's base· Open — unwalled flank
Smoothed initial terrain · ◌ = detected wall gap · hover for details
Inputs per minute
— eric.ashmore - - Siku Liao
Build order — eric.ashmore
First 150 of 413 actions detected
| 0:07 | Build | House |
| 0:08 | Build | House |
| 0:10 | Create | Villager (Male) ×4 |
| 0:11 | Create | Villager (Male) ×4 |
| 0:54 | Build | Mill |
| 1:54 | Create | Villager (Male) |
| 2:55 | Create | Villager (Male) |
| 2:56 | Create | Villager (Male) |
| 3:15 | Create | Villager (Male) |
| 3:43 | Create | Villager (Male) |
| 3:59 | Create | Villager (Male) |
| 4:14 | Create | Villager (Male) |
| 6:10 | Build | Lumber Camp |
| 6:23 | Build | House |
| 6:25 | Build | House |
| 7:07 | Research | Feudal Age |
| 8:41 | Build | Mining Camp |
| 9:17 | Age | Feudal Age |
| 9:25 | Research | Double-Bit Axe |
| 9:53 | Research | Wheelbarrow |
| 9:54 | Create | Villager (Male) |
| 10:29 | Create | Villager (Male) |
| 10:35 | Research | Horse Collar |
| 11:11 | Build | Blacksmith |
| 11:25 | Create | Villager (Male) |
| 11:42 | Create | Villager (Male) |
| 12:29 | Build | Market |
| 12:51 | Create | Villager (Male) |
| 12:51 | Create | Villager (Male) |
| 13:02 | Build | Barracks |
| 13:45 | Build | House |
| 13:47 | Build | House |
| 13:48 | Build | House |
| 13:50 | Build | House |
| 14:14 | Build | Lumber Camp |
| 14:26 | Build | Archery Range |
| 14:35 | Create | Villager (Male) |
| 14:35 | Create | Villager (Male) |
| 15:34 | Build | Stable |
| 16:34 | Create | Villager (Male) |
| 16:35 | Create | Villager (Male) |
| 16:44 | Build | Barracks |
| 16:48 | Build | Stable |
| 16:52 | Create | Villager (Male) |
| 16:59 | Create | Villager (Male) |
| 17:10 | Build | Farm |
| 17:11 | Build | Farm |
| 17:12 | Build | Farm |
| 17:13 | Build | Farm |
| 17:14 | Build | Farm |
| 17:15 | Build | Farm |
| 17:16 | Build | Farm |
| 17:18 | Build | Farm |
| 17:20 | Build | Farm |
| 17:32 | Build | Farm |
| 17:59 | Build | Mining Camp |
| 18:11 | Create | Villager (Male) |
| 19:19 | Create | Spearman ×5 |
| 19:19 | Create | Spearman ×5 |
| 20:07 | Create | Spearman |
| 20:07 | Create | Spearman |
| 20:34 | Create | Spearman |
| 20:34 | Create | Spearman |
| 20:35 | Create | Spearman |
| 22:12 | Build | Mill |
| 22:25 | Build | Mining Camp |
| 22:38 | Build | Lumber Camp |
| 26:01 | Build | Farm |
| 26:02 | Build | Farm |
| 26:03 | Build | Farm |
| 26:06 | Build | Farm |
| 26:07 | Build | Farm |
| 26:09 | Build | Farm |
| 26:11 | Build | Farm |
| 26:35 | Create | Trade Cart |
| 27:29 | Build | Farm |
| 28:33 | Build | Town Center |
| 29:36 | Build | Mining Camp |
| 31:08 | Research | Castle Age |
| 31:16 | Build | Farm |
| 31:17 | Build | Farm |
| 31:48 | Build | House |
| 31:50 | Build | House |
| 31:54 | Build | House |
| 31:55 | Build | House |
| 31:58 | Build | House |
| 32:00 | Build | House |
| 32:01 | Build | House |
| 32:03 | Build | House |
| 32:04 | Build | House |
| 32:06 | Build | House |
| 32:08 | Build | House |
| 32:10 | Build | House |
| 32:11 | Build | House |
| 32:30 | Build | House |
| 32:32 | Build | House |
| 32:33 | Build | House |
| 32:34 | Build | House |
| 32:36 | Build | House |
| 32:37 | Build | House |
| 32:38 | Build | House |
| 32:40 | Build | House |
| 32:42 | Build | House |
| 32:44 | Build | House |
| 33:48 | Age | Castle Age |
| 33:57 | Build | Castle |
| 34:15 | Build | Barracks |
| 34:36 | Build | Archery Range |
| 34:47 | Create | Villager (Male) |
| 34:47 | Create | Villager (Male) |
| 34:47 | Create | Villager (Male) |
| 34:48 | Create | Villager (Male) |
| 34:48 | Create | Villager (Male) |
| 34:48 | Create | Villager (Male) |
| 34:49 | Create | Villager (Male) |
| 34:49 | Create | Villager (Male) |
| 34:53 | Create | Villager (Male) |
| 34:53 | Create | Villager (Male) |
| 34:57 | Research | Heavy Plow |
| 35:19 | Research | Caravan |
| 35:39 | Create | Villager (Male) |
| 35:40 | Create | Villager (Male) |
| 35:54 | Research | Bow Saw |
| 36:42 | Research | Squires |
| 36:42 | Research | Pikeman (upgrade) |
| 36:50 | Create | Villager (Male) |
| 36:58 | Build | Stable |
| 37:19 | Create | Spearman ×5 |
| 37:19 | Create | Spearman |
| 37:47 | Build | Farm |
| 38:55 | Create | Keshik |
| 38:55 | Create | Keshik |
| 38:56 | Create | Keshik |
| 38:56 | Create | Keshik |
| 39:29 | Create | Keshik |
| 39:29 | Create | Keshik |
| 39:30 | Create | Keshik |
| 39:44 | Create | Spearman |
| 39:44 | Create | Spearman |
| 41:35 | Research | Hand Cart |
| 42:24 | Create | Trade Cart |
| 42:24 | Create | Trade Cart |
| 42:48 | Build | Outpost |
| 42:51 | Build | Farm |
| 42:52 | Build | Farm |
| 42:54 | Build | Farm |
| 42:55 | Build | Farm |
| 42:56 | Build | Farm |
| 42:57 | Build | Farm |
| 43:23 | Build | Farm |
Build order — Siku Liao
First 150 of 1001 actions detected
| 0:03 | Build | House |
| 0:04 | Build | House |
| 0:05 | Create | Villager (Male) |
| 0:05 | Create | Villager (Male) |
| 0:05 | Create | Villager (Male) |
| 0:05 | Create | Villager (Male) |
| 0:06 | Create | Villager (Male) |
| 0:06 | Create | Villager (Male) |
| 1:29 | Create | Villager (Male) |
| 1:29 | Create | Villager (Male) |
| 2:03 | Create | Villager (Male) |
| 2:03 | Create | Villager (Male) |
| 2:03 | Create | Villager (Male) |
| 2:15 | Create | Villager (Male) |
| 2:38 | Research | Loom |
| 2:51 | Create | Villager (Male) |
| 2:52 | Create | Villager (Male) |
| 3:12 | Create | Villager (Male) |
| 3:34 | Build | House |
| 3:38 | Build | Lumber Camp |
| 3:44 | Create | Villager (Male) |
| 4:08 | Create | Villager (Male) |
| 5:08 | Create | Villager (Male) |
| 5:08 | Create | Villager (Male) |
| 5:08 | Create | Villager (Male) |
| 5:23 | Build | Mill |
| 6:20 | Create | Villager (Male) |
| 6:21 | Create | Villager (Male) |
| 6:28 | Build | House |
| 6:55 | Create | Villager (Male) |
| 7:39 | Create | Villager (Male) |
| 7:39 | Create | Villager (Male) |
| 7:57 | Build | Farm |
| 8:02 | Build | Farm |
| 8:12 | Build | Farm |
| 8:15 | Create | Villager (Male) |
| 8:58 | Research | Feudal Age |
| 9:05 | Build | Lumber Camp |
| 9:10 | Build | Farm |
| 9:45 | Build | House |
| 10:16 | Age | Feudal Age |
| 10:23 | Build | Farm |
| 10:27 | Build | Farm |
| 10:29 | Create | Villager (Male) |
| 10:29 | Create | Villager (Male) |
| 10:30 | Create | Villager (Male) |
| 10:51 | Build | Palisade Wall |
| 10:58 | Create | Villager (Male) |
| 11:05 | Build | Farm |
| 11:10 | Build | House |
| 11:22 | Create | Villager (Male) |
| 11:57 | Build | Farm |
| 12:00 | Build | Farm |
| 12:16 | Create | Villager (Male) |
| 12:18 | Create | Villager (Male) |
| 12:28 | Build | Farm |
| 12:42 | Build | Farm |
| 12:50 | Build | Mining Camp |
| 12:52 | Create | Villager (Male) |
| 13:29 | Create | Villager (Male) |
| 13:30 | Create | Villager (Male) |
| 13:46 | Research | Horse Collar |
| 14:01 | Create | Villager (Male) |
| 14:05 | Research | Double-Bit Axe |
| 14:32 | Build | Market |
| 14:48 | Build | Blacksmith |
| 14:58 | Create | Villager (Male) |
| 14:59 | Create | Villager (Male) |
| 15:05 | Build | Barracks |
| 15:17 | Create | Villager (Male) |
| 15:31 | Build | House |
| 15:57 | Research | Wheelbarrow |
| 16:23 | Build | Mining Camp |
| 16:41 | Build | Farm |
| 16:57 | Research | Castle Age |
| 17:00 | Create | Spearman |
| 17:00 | Create | Spearman |
| 17:22 | Create | Spearman |
| 17:31 | Create | Villager (Male) |
| 17:32 | Create | Villager (Male) |
| 17:32 | Create | Villager (Male) |
| 18:08 | Build | House |
| 18:10 | Build | House |
| 18:12 | Build | House |
| 18:13 | Build | House |
| 18:30 | Build | Farm |
| 18:31 | Build | Farm |
| 18:31 | Build | Farm |
| 18:31 | Build | Farm |
| 18:31 | Build | Farm |
| 18:31 | Build | Farm |
| 18:39 | Build | Farm |
| 18:48 | Age | Castle Age |
| 18:59 | Create | Spearman |
| 20:03 | Create | Villager (Male) |
| 20:04 | Create | Villager (Male) |
| 20:04 | Create | Villager (Male) |
| 20:04 | Create | Villager (Male) |
| 20:17 | Build | Town Center |
| 20:44 | Build | Stable |
| 20:51 | Create | Villager (Male) |
| 20:55 | Research | Pikeman (upgrade) |
| 21:06 | Create | Villager (Male) |
| 21:20 | Create | Spearman |
| 21:28 | Create | Spearman |
| 21:35 | Research | Stone Mining |
| 21:53 | Create | Villager (Male) |
| 21:53 | Create | Villager (Male) |
| 21:53 | Create | Villager (Male) |
| 21:54 | Create | Villager (Male) |
| 21:55 | Create | Villager (Male) |
| 22:02 | Research | Heavy Plow |
| 22:05 | Research | Bow Saw |
| 22:21 | Create | Villager (Male) |
| 22:51 | Research | Scale Barding Armor |
| 23:00 | Create | Battle Elephant |
| 23:00 | Create | Battle Elephant |
| 23:00 | Create | Battle Elephant |
| 23:27 | Create | Villager (Male) |
| 23:27 | Create | Villager (Male) |
| 23:27 | Create | Villager (Male) |
| 23:27 | Create | Villager (Male) |
| 23:27 | Create | Villager (Male) |
| 23:31 | Create | Villager (Male) |
| 23:31 | Create | Villager (Male) |
| 23:44 | Build | Farm |
| 23:44 | Build | Farm |
| 23:44 | Build | Farm |
| 23:45 | Build | Farm |
| 23:45 | Build | Farm |
| 23:45 | Build | Farm |
| 23:45 | Build | Farm |
| 23:46 | Build | Farm |
| 23:46 | Build | Farm |
| 23:46 | Build | Farm |
| 24:14 | Research | Husbandry |
| 24:19 | Create | Villager (Male) |
| 24:19 | Create | Villager (Male) |
| 24:20 | Create | Villager (Male) |
| 24:32 | Research | Gold Mining |
| 24:55 | Build | House |
| 24:57 | Build | House |
| 24:59 | Build | House |
| 25:24 | Research | Hand Cart |
| 25:28 | Create | Villager (Male) |
| 25:29 | Create | Villager (Male) |
| 25:29 | Create | Villager (Male) |
| 25:36 | Create | Villager (Male) |
| 25:36 | Create | Villager (Male) |
| 25:47 | Create | Battle Elephant |
Build order — Miku Lito
First 150 of 340 actions detected
| 0:05 | Build | House |
| 0:09 | Build | House |
| 0:16 | Create | Villager (Male) |
| 0:16 | Create | Villager (Male) |
| 0:17 | Create | Villager (Male) |
| 0:17 | Create | Villager (Male) |
| 0:17 | Create | Villager (Male) |
| 1:44 | Create | Villager (Male) |
| 2:23 | Create | Villager (Male) |
| 3:16 | Create | Villager (Male) |
| 3:17 | Create | Villager (Male) |
| 3:17 | Create | Villager (Male) |
| 4:21 | Create | Villager (Male) |
| 4:21 | Create | Villager (Male) |
| 4:29 | Build | Mill |
| 4:45 | Build | House |
| 4:48 | Build | House |
| 4:51 | Build | House |
| 5:07 | Build | Mining Camp |
| 6:33 | Research | Loom |
| 7:27 | Create | Villager (Male) |
| 7:28 | Create | Villager (Male) |
| 9:29 | Research | Feudal Age |
| 9:47 | Build | Donjon |
| 9:52 | Build | Donjon |
| 10:20 | Build | Lumber Camp |
| 10:30 | Build | Lumber Camp |
| 11:20 | Build | Mining Camp |
| 11:38 | Age | Feudal Age |
| 11:50 | Create | Villager (Male) |
| 11:50 | Create | Villager (Male) |
| 11:50 | Create | Villager (Male) |
| 11:51 | Create | Villager (Male) |
| 11:51 | Create | Villager (Male) |
| 12:16 | Build | Blacksmith |
| 13:18 | Create | Villager (Male) |
| 13:19 | Create | Villager (Male) |
| 13:19 | Create | Villager (Male) |
| 13:19 | Create | Villager (Male) |
| 13:39 | Create | Serjeant |
| 13:39 | Create | Serjeant |
| 13:42 | Create | Spearman |
| 13:43 | Create | Spearman |
| 14:26 | Research | Horse Collar |
| 14:27 | Research | Horse Collar |
| 14:56 | Build | Market |
| 15:26 | Create | Serjeant |
| 15:27 | Create | Serjeant |
| 15:27 | Create | Serjeant |
| 16:05 | Build | House |
| 16:07 | Build | House |
| 16:09 | Build | House |
| 16:12 | Build | House |
| 16:15 | Build | House |
| 17:13 | Build | Donjon |
| 17:26 | Create | Villager (Male) |
| 17:26 | Create | Villager (Male) |
| 17:27 | Create | Villager (Male) |
| 17:27 | Create | Villager (Male) |
| 17:27 | Create | Villager (Male) |
| 17:27 | Create | Villager (Male) |
| 18:11 | Build | Farm |
| 18:12 | Build | Farm |
| 18:12 | Build | Farm |
| 18:12 | Build | Farm |
| 18:12 | Build | Farm |
| 18:13 | Build | Farm |
| 18:14 | Build | Farm |
| 18:15 | Build | Farm |
| 18:15 | Build | Farm |
| 18:41 | Build | Donjon |
| 18:44 | Create | Serjeant |
| 18:44 | Create | Serjeant |
| 18:44 | Create | Serjeant |
| 18:45 | Create | Serjeant |
| 20:11 | Create | Serjeant |
| 20:12 | Create | Serjeant |
| 20:12 | Create | Serjeant |
| 20:12 | Create | Serjeant |
| 20:13 | Create | Serjeant |
| 20:37 | Create | Villager (Male) |
| 20:38 | Create | Villager (Male) |
| 20:38 | Create | Villager (Male) |
| 21:58 | Create | Serjeant |
| 21:59 | Create | Serjeant |
| 21:59 | Create | Serjeant |
| 22:05 | Build | Farm |
| 22:06 | Build | Farm |
| 22:06 | Build | Farm |
| 22:06 | Build | Farm |
| 22:32 | Build | Donjon |
| 22:40 | Create | Serjeant |
| 22:40 | Create | Serjeant |
| 23:10 | Build | Donjon |
| 23:34 | Create | Serjeant |
| 23:34 | Create | Serjeant |
| 23:34 | Create | Serjeant |
| 23:35 | Create | Serjeant |
| 23:35 | Create | Serjeant |
| 24:08 | Create | Villager (Male) |
| 24:08 | Create | Villager (Male) |
| 24:09 | Create | Villager (Male) |
| 24:42 | Build | House |
| 24:43 | Build | House |
| 24:45 | Build | House |
| 24:46 | Build | House |
| 24:49 | Build | House |
| 24:50 | Build | House |
| 24:51 | Build | House |
| 24:54 | Build | House |
| 25:10 | Build | Donjon |
| 25:20 | Create | Villager (Male) |
| 25:23 | Research | Wheelbarrow |
| 27:10 | Research | Castle Age |
| 27:10 | Research | Castle Age |
| 27:10 | Research | Castle Age |
| 27:10 | Research | Castle Age |
| 29:50 | Age | Castle Age |
| 29:53 | Research | Pikeman (upgrade) |
| 29:57 | Build | Town Center |
| 30:01 | Create | Serjeant |
| 30:02 | Create | Serjeant |
| 30:02 | Create | Serjeant |
| 30:02 | Create | Serjeant |
| 30:03 | Create | Serjeant |
| 30:03 | Create | Serjeant |
| 30:03 | Create | Serjeant |
| 30:03 | Create | Serjeant |
| 30:04 | Create | Serjeant |
| 30:38 | Create | Villager (Male) |
| 30:39 | Create | Villager (Male) |
| 30:54 | Research | Double-Bit Axe |
| 31:18 | Build | Mining Camp |
| 31:21 | Create | Villager (Male) |
| 31:21 | Create | Villager (Male) |
| 31:22 | Create | Villager (Male) |
| 31:22 | Create | Villager (Male) |
| 31:45 | Build | Donjon |
| 31:47 | Build | Donjon |
| 31:50 | Build | Donjon |
| 32:21 | Create | Villager (Male) |
| 32:22 | Create | Villager (Male) |
| 32:22 | Create | Villager (Male) |
| 32:22 | Create | Villager (Male) |
| 32:23 | Create | Villager (Male) |
| 32:34 | Create | Villager (Male) |
| 32:35 | Create | Villager (Male) |
| 32:35 | Create | Villager (Male) |
| 32:40 | Build | Farm |
| 32:41 | Build | Farm |
Build order — Jhavi
First 150 of 270 actions detected
| 0:05 | Build | House |
| 0:07 | Build | House |
| 0:11 | Build | House |
| 0:19 | Create | Villager (Male) |
| 0:19 | Create | Villager (Male) |
| 0:20 | Create | Villager (Male) |
| 0:24 | Research | Loom |
| 0:25 | Create | Villager (Male) |
| 2:11 | Create | Villager (Male) |
| 2:43 | Create | Villager (Male) |
| 2:44 | Create | Villager (Male) |
| 3:30 | Build | Mill |
| 3:36 | Create | Villager (Male) |
| 3:37 | Create | Villager (Male) |
| 3:37 | Create | Villager (Male) |
| 4:24 | Create | Villager (Male) |
| 4:25 | Create | Villager (Male) |
| 4:55 | Create | Villager (Male) |
| 6:35 | Create | Villager (Male) |
| 6:36 | Create | Villager (Male) |
| 7:08 | Build | House |
| 7:21 | Create | Villager (Male) |
| 7:30 | Build | House |
| 7:52 | Create | Villager (Male) |
| 8:15 | Build | Lumber Camp |
| 8:23 | Create | Villager (Male) |
| 8:50 | Create | Villager (Male) |
| 8:56 | Research | Feudal Age |
| 9:54 | Build | Mining Camp |
| 10:11 | Create | Villager (Male) |
| 10:12 | Create | Villager (Male) |
| 11:22 | Build | Barracks |
| 11:25 | Age | Feudal Age |
| 11:26 | Create | Villager (Male) |
| 12:26 | Build | Lumber Camp |
| 12:31 | Build | Farm |
| 12:32 | Build | Farm |
| 12:34 | Build | Farm |
| 12:50 | Research | Wheelbarrow |
| 13:10 | Build | Farm |
| 13:19 | Create | Villager (Male) |
| 13:20 | Create | Villager (Male) |
| 13:24 | Create | Spearman |
| 13:25 | Create | Spearman |
| 13:39 | Research | Double-Bit Axe |
| 13:46 | Research | Horse Collar |
| 14:37 | Create | Villager (Male) |
| 14:50 | Build | House |
| 14:58 | Build | House |
| 15:15 | Build | Farm |
| 15:36 | Build | Stable |
| 15:41 | Build | Farm |
| 15:47 | Create | Villager (Male) |
| 15:48 | Create | Villager (Male) |
| 15:48 | Create | Villager (Male) |
| 16:16 | Build | Farm |
| 16:18 | Create | Villager (Male) |
| 16:45 | Build | Farm |
| 16:52 | Build | House |
| 16:53 | Build | House |
| 17:03 | Create | Villager (Male) |
| 17:07 | Build | Farm |
| 17:32 | Research | Bloodlines |
| 17:46 | Build | Blacksmith |
| 17:55 | Build | Farm |
| 17:57 | Build | Farm |
| 18:02 | Build | House |
| 18:12 | Create | Villager (Male) |
| 18:12 | Create | Villager (Male) |
| 18:25 | Create | Scout Cavalry |
| 18:31 | Create | Villager (Male) |
| 18:44 | Research | Scale Barding Armor |
| 18:45 | Research | Forging |
| 18:50 | Build | Farm |
| 19:08 | Build | Market |
| 19:12 | Build | Farm |
| 19:55 | Build | Farm |
| 20:00 | Create | Villager (Male) |
| 20:01 | Create | Villager (Male) |
| 20:43 | Build | Stable |
| 21:05 | Build | House |
| 21:06 | Build | House |
| 21:09 | Build | Farm |
| 21:11 | Create | Villager (Male) |
| 21:13 | Create | Villager (Male) |
| 21:57 | Build | Farm |
| 22:16 | Build | Mining Camp |
| 22:20 | Build | Farm |
| 22:23 | Create | Villager (Male) |
| 22:25 | Research | Castle Age |
| 22:57 | Research | Gold Mining |
| 23:08 | Build | Farm |
| 24:09 | Create | Villager (Male) |
| 24:10 | Create | Villager (Male) |
| 24:17 | Build | Lumber Camp |
| 24:35 | Build | House |
| 25:13 | Create | Spearman |
| 25:13 | Create | Spearman |
| 25:14 | Create | Spearman |
| 25:14 | Create | Spearman |
| 25:28 | Age | Castle Age |
| 25:53 | Create | Camel Scout |
| 25:54 | Create | Camel Scout |
| 25:54 | Create | Camel Scout |
| 26:06 | Create | Camel Scout |
| 26:11 | Research | Chain Barding Armor |
| 26:19 | Build | Barracks |
| 26:51 | Build | Town Center |
| 27:00 | Research | Bow Saw |
| 27:13 | Research | Husbandry |
| 27:26 | Build | Monastery |
| 27:37 | Create | Camel Scout |
| 27:38 | Create | Camel Scout |
| 27:47 | Research | Squires |
| 27:52 | Create | Villager (Male) |
| 27:53 | Create | Villager (Male) |
| 27:54 | Create | Villager (Male) |
| 27:59 | Create | Villager (Male) |
| 28:00 | Create | Villager (Male) |
| 28:00 | Create | Villager (Male) |
| 28:17 | Build | University |
| 28:28 | Build | House |
| 28:29 | Build | House |
| 28:36 | Build | House |
| 28:53 | Research | Hand Cart |
| 28:57 | Research | Gold Shaft Mining |
| 29:02 | Research | Stone Mining |
| 29:57 | Research | Pikeman (upgrade) |
| 29:59 | Create | Spearman ×5 |
| 30:15 | Create | Villager (Male) |
| 30:15 | Create | Villager (Male) |
| 30:16 | Create | Villager (Male) |
| 30:30 | Create | Monk |
| 30:43 | Build | Castle |
| 31:46 | Create | Camel Scout |
| 31:47 | Create | Camel Scout |
| 31:49 | Create | Villager (Male) |
| 31:50 | Create | Villager (Male) |
| 31:50 | Create | Villager (Male) |
| 32:14 | Create | Villager (Male) |
| 32:20 | Create | Villager (Male) |
| 32:21 | Create | Villager (Male) |
| 32:38 | Research | Iron Casting |
| 32:43 | Create | Camel Scout |
| 32:44 | Create | Camel Scout |
| 32:48 | Create | Camel Scout |
| 32:48 | Create | Camel Scout |
| 32:57 | Create | Villager (Male) |
| 32:58 | Create | Villager (Male) |
| 32:58 | Create | Villager (Male) |
Build order — emilioOreo3217
First 150 of 290 actions detected
| 0:09 | Build | House |
| 0:12 | Build | House |
| 0:16 | Create | Villager (Male) |
| 0:16 | Create | Villager (Male) |
| 0:16 | Create | Villager (Male) |
| 0:17 | Create | Villager (Male) |
| 0:17 | Create | Villager (Male) |
| 0:17 | Create | Villager (Male) |
| 1:37 | Build | Lumber Camp |
| 1:52 | Create | Villager (Male) |
| 1:52 | Create | Villager (Male) |
| 2:24 | Create | Villager (Male) |
| 2:24 | Create | Villager (Male) |
| 2:25 | Create | Villager (Male) |
| 3:24 | Create | Villager (Male) |
| 4:15 | Create | Villager (Male) |
| 4:16 | Create | Villager (Male) |
| 5:17 | Create | Villager (Male) |
| 5:17 | Create | Villager (Male) |
| 5:18 | Create | Villager (Male) |
| 5:48 | Create | Villager (Male) |
| 6:00 | Build | House |
| 6:12 | Build | House |
| 6:32 | Create | Villager (Male) |
| 6:32 | Create | Villager (Male) |
| 7:10 | Build | Mill |
| 8:41 | Research | Feudal Age |
| 8:50 | Create | Villager (Male) |
| 8:50 | Create | Villager (Male) |
| 8:51 | Create | Villager (Male) |
| 8:52 | Create | Villager (Male) |
| 8:52 | Create | Villager (Male) |
| 10:21 | Create | Villager (Male) |
| 10:21 | Create | Villager (Male) |
| 10:21 | Create | Villager (Male) |
| 10:22 | Create | Villager (Male) |
| 11:17 | Build | Palisade Wall |
| 11:25 | Build | Palisade Wall |
| 11:42 | Build | Farm |
| 11:42 | Build | Farm |
| 11:56 | Build | House |
| 12:16 | Research | Wheelbarrow |
| 12:31 | Build | Barracks |
| 12:40 | Build | Blacksmith |
| 12:50 | Build | Market |
| 13:04 | Build | Lumber Camp |
| 13:36 | Research | Loom |
| 13:37 | Research | Town Watch |
| 14:05 | Create | Villager (Male) |
| 14:05 | Create | Villager (Male) |
| 14:33 | Build | Farm |
| 14:33 | Build | Farm |
| 15:11 | Build | Mining Camp |
| 15:15 | Research | Double-Bit Axe |
| 15:19 | Research | Horse Collar |
| 15:37 | Build | Palisade Wall |
| 15:42 | Build | Palisade Wall |
| 16:05 | Create | Villager (Male) |
| 16:18 | Create | Spearman |
| 18:15 | Create | Villager (Male) |
| 18:17 | Create | Villager (Male) |
| 18:18 | Create | Villager (Male) |
| 18:31 | Build | Farm |
| 18:31 | Build | Farm |
| 18:35 | Build | Farm |
| 18:35 | Build | Farm |
| 18:43 | Create | Spearman |
| 18:43 | Create | Spearman |
| 19:39 | Build | Farm |
| 19:40 | Build | Farm |
| 20:14 | Build | House |
| 20:23 | Create | Villager (Male) |
| 21:18 | Build | Farm |
| 21:38 | Build | Farm |
| 22:10 | Create | Villager (Male) |
| 22:12 | Create | Villager (Male) |
| 23:00 | Build | Barracks |
| 23:01 | Build | Barracks |
| 23:11 | Research | Castle Age |
| 24:01 | Create | Villager (Male) |
| 24:01 | Create | Villager (Male) |
| 24:02 | Create | Villager (Male) |
| 24:02 | Create | Villager (Male) |
| 24:02 | Create | Villager (Male) |
| 24:03 | Create | Villager (Male) |
| 24:14 | Build | Lumber Camp |
| 24:34 | Research | Man-at-Arms (upgrade) |
| 25:48 | Create | Spearman ×5 |
| 26:04 | Research | Pikeman (upgrade) |
| 26:05 | Research | Long Swordsman (upgrade) |
| 26:07 | Research | Squires |
| 26:21 | Research | Heavy Plow |
| 26:38 | Build | House |
| 26:39 | Build | House |
| 26:41 | Build | House |
| 27:00 | Research | Gold Mining |
| 28:11 | Create | Spearman ×5 |
| 29:21 | Build | Town Center |
| 29:35 | Research | Forging |
| 29:35 | Research | Scale Mail Armor |
| 30:53 | Research | Hand Cart |
| 30:56 | Research | Bow Saw |
| 31:18 | Create | Villager (Male) |
| 31:19 | Create | Villager (Male) |
| 31:19 | Create | Villager (Male) |
| 31:19 | Create | Villager (Male) |
| 31:26 | Build | Farm |
| 31:27 | Build | Farm |
| 31:38 | Research | Iron Casting |
| 32:14 | Create | Villager (Male) ×2 |
| 33:17 | Build | Farm |
| 33:17 | Build | Farm |
| 33:47 | Research | Stone Mining |
| 34:46 | Create | Villager (Male) ×5 |
| 34:51 | Create | Villager (Male) ×5 |
| 35:17 | Build | Town Center |
| 35:52 | Research | Stone Shaft Mining |
| 36:29 | Build | Farm |
| 36:29 | Build | Farm |
| 36:30 | Build | Farm |
| 36:31 | Build | Farm |
| 36:31 | Build | Farm |
| 36:32 | Build | Farm |
| 36:32 | Build | Farm |
| 36:32 | Build | Farm |
| 36:57 | Build | Mining Camp |
| 37:02 | Create | Villager (Male) ×5 |
| 38:15 | Build | House |
| 38:17 | Build | House |
| 38:19 | Build | House |
| 38:20 | Build | House |
| 38:21 | Build | House |
| 38:46 | Research | Chain Mail Armor |
| 38:53 | Create | Villager (Male) |
| 38:53 | Create | Villager (Male) |
| 39:56 | Build | Castle |
| 40:11 | Create | Villager (Male) |
| 42:55 | Create | Spearman ×5 |
| 43:32 | Build | Archery Range |
| 43:33 | Build | Archery Range |
| 43:35 | Build | Archery Range |
| 43:37 | Build | Archery Range |
| 43:48 | Research | Fletching |
| 43:49 | Research | Padded Archer Armor |
| 44:04 | Research | Crossbowman (upgrade) |
| 44:05 | Create | Archer ×5 |
| 44:05 | Create | Archer ×5 |
| 44:06 | Create | Archer ×5 |
| 44:06 | Create | Archer ×4 |
| 44:24 | Create | Archer |
Build order — Mitocondria
First 150 of 524 actions detected
| 0:01 | Create | Villager (Male) |
| 0:07 | Build | House |
| 0:08 | Build | House |
| 0:09 | Build | House |
| 0:10 | Build | House |
| 0:18 | Research | Loom |
| 0:19 | Create | Villager (Male) ×3 |
| 0:47 | Build | House |
| 2:02 | Create | Villager (Male) |
| 2:02 | Create | Villager (Male) |
| 2:32 | Create | Villager (Male) |
| 2:32 | Create | Villager (Male) |
| 3:09 | Create | Villager (Male) |
| 3:10 | Create | Villager (Male) |
| 3:13 | Build | Mill |
| 3:32 | Create | Villager (Male) |
| 3:32 | Create | Villager (Male) |
| 3:52 | Create | Villager (Male) |
| 3:52 | Create | Villager (Male) |
| 4:19 | Create | Villager (Male) |
| 4:19 | Create | Villager (Male) |
| 4:20 | Create | Villager (Male) |
| 5:02 | Create | Villager (Male) |
| 5:03 | Create | Villager (Male) |
| 5:03 | Create | Villager (Male) |
| 5:22 | Create | Villager (Male) |
| 5:22 | Create | Villager (Male) |
| 5:38 | Create | Villager (Male) |
| 5:38 | Create | Villager (Male) |
| 5:38 | Create | Villager (Male) |
| 6:59 | Create | Villager (Male) |
| 7:04 | Build | Lumber Camp |
| 7:11 | Create | Villager (Male) |
| 8:08 | Create | Villager (Male) |
| 8:33 | Research | Feudal Age |
| 9:33 | Build | House |
| 9:35 | Build | House |
| 9:36 | Build | House |
| 9:38 | Build | House |
| 10:13 | Create | Villager (Male) |
| 10:45 | Age | Feudal Age |
| 10:48 | Create | Villager (Male) |
| 11:11 | Create | Villager (Male) |
| 11:26 | Build | Mining Camp |
| 11:38 | Create | Villager (Male) |
| 12:09 | Create | Villager (Male) |
| 12:15 | Build | Blacksmith |
| 12:35 | Create | Villager (Male) |
| 13:11 | Build | Market |
| 13:14 | Create | Villager (Male) |
| 13:24 | Build | House |
| 13:30 | Build | Palisade Wall |
| 13:37 | Build | Palisade Wall |
| 13:40 | Create | Villager (Male) |
| 13:49 | Build | Farm |
| 14:10 | Create | Villager (Male) |
| 14:17 | Build | Farm |
| 14:22 | Build | Farm |
| 14:25 | Create | Villager (Male) |
| 14:31 | Build | Farm |
| 14:44 | Build | Farm |
| 14:55 | Build | Farm |
| 15:02 | Create | Villager (Male) |
| 15:26 | Create | Villager (Male) |
| 15:31 | Build | Farm |
| 15:35 | Build | Farm |
| 15:37 | Build | Farm |
| 15:58 | Build | Palisade Gate |
| 16:01 | Create | Villager (Male) |
| 16:04 | Build | Farm |
| 16:10 | Build | Farm |
| 16:28 | Research | Castle Age |
| 16:32 | Build | Farm |
| 17:08 | Build | Palisade Wall |
| 17:25 | Build | Barracks |
| 17:36 | Research | Double-Bit Axe |
| 17:37 | Research | Double-Bit Axe |
| 17:39 | Research | Horse Collar |
| 18:02 | Create | Villager (Male) |
| 18:02 | Create | Villager (Male) |
| 18:03 | Create | Villager (Male) |
| 18:03 | Create | Villager (Male) |
| 18:26 | Build | House |
| 18:29 | Build | House |
| 18:30 | Build | House |
| 18:32 | Build | House |
| 18:34 | Build | House |
| 18:35 | Build | House |
| 18:37 | Build | House |
| 18:44 | Build | Archery Range |
| 18:58 | Build | Mining Camp |
| 19:08 | Age | Castle Age |
| 19:09 | Research | Bow Saw |
| 19:09 | Research | Bow Saw |
| 19:23 | Build | Farm |
| 19:30 | Build | Farm |
| 19:48 | Build | Farm |
| 20:01 | Create | Villager (Male) |
| 20:14 | Research | Stone Mining |
| 20:17 | Research | Gold Mining |
| 20:25 | Build | Monastery |
| 20:40 | Research | Fletching |
| 20:45 | Research | Crossbowman (upgrade) |
| 21:05 | Create | Villager (Male) |
| 21:24 | Build | Town Center |
| 21:29 | Create | Monk |
| 21:29 | Create | Monk |
| 21:36 | Create | Villager (Male) |
| 21:47 | Create | Villager (Male) |
| 21:48 | Create | Villager (Male) |
| 22:25 | Research | Gold Shaft Mining |
| 22:43 | Create | Villager (Male) |
| 22:43 | Create | Villager (Male) |
| 22:46 | Create | Villager (Male) |
| 22:46 | Create | Villager (Male) |
| 22:48 | Create | Villager (Male) |
| 22:48 | Create | Villager (Male) |
| 23:05 | Create | Villager (Male) |
| 23:05 | Create | Villager (Male) |
| 23:16 | Build | Farm |
| 23:18 | Build | Farm |
| 24:03 | Build | House |
| 24:05 | Build | House |
| 24:07 | Build | House |
| 24:08 | Build | House |
| 24:09 | Build | House |
| 24:10 | Build | House |
| 24:12 | Build | House |
| 24:14 | Build | House |
| 24:18 | Create | Villager (Male) |
| 24:25 | Build | Farm |
| 24:30 | Build | Farm |
| 24:33 | Create | Villager (Male) |
| 24:38 | Research | Wheelbarrow |
| 24:50 | Research | Thumb Ring |
| 24:53 | Research | Fervor |
| 25:06 | Create | Villager (Male) |
| 25:23 | Build | Farm |
| 25:31 | Research | Heavy Plow |
| 25:42 | Build | Castle |
| 25:52 | Create | Villager (Male) |
| 25:57 | Build | Farm |
| 26:00 | Build | Farm |
| 26:12 | Create | Villager (Male) |
| 26:13 | Create | Villager (Male) |
| 26:22 | Create | Villager (Male) |
| 26:32 | Research | Bodkin Arrow |
| 26:33 | Research | Padded Archer Armor |
| 26:57 | Build | Farm |
| 27:00 | Create | Villager (Male) |
Match timeline
| 9:17 | eric.ashmore · age_up feudal |
| 9:47 | Miku Lito · first_building Donjon |
| 10:16 | Siku Liao · age_up feudal |
| 10:45 | Mitocondria · age_up feudal |
| 10:51 | Siku Liao · wall_segment Palisade Wall x25 |
| 11:17 | emilioOreo3217 · wall_segment Palisade Wall x21 |
| 11:22 | Jhavi · first_building Barracks |
| 11:25 | Jhavi · age_up feudal |
| 11:25 | emilioOreo3217 · wall_segment Palisade Wall x10 |
| 11:38 | Miku Lito · age_up feudal |
| 12:31 | emilioOreo3217 · first_building Barracks |
| 13:02 | eric.ashmore · first_building Barracks |
| 13:30 | Mitocondria · wall_segment Palisade Wall x6 |
| 13:37 | Mitocondria · wall_segment Palisade Wall x6 |
| 14:26 | eric.ashmore · first_building Archery Range |
| 15:05 | Siku Liao · first_building Barracks |
| 15:34 | eric.ashmore · first_building Stable |
| 15:36 | Jhavi · first_building Stable |
| 15:37 | emilioOreo3217 · wall_segment Palisade Wall x2 |
| 15:42 | emilioOreo3217 · wall_segment Palisade Wall x15 |
| 16:55 | Siku Liao · first_market_sell 100 wood |
| 17:08 | Mitocondria · wall_segment Palisade Wall x13 |
| 17:21 | Miku Lito · first_market_buy 100 food |
| 17:25 | Mitocondria · first_building Barracks |
| 18:44 | Mitocondria · first_building Archery Range |
| 18:48 | Siku Liao · age_up castle |
| 19:08 | Mitocondria · age_up castle |
| 20:25 | Mitocondria · first_building Monastery |
| 20:44 | Siku Liao · first_building Stable |
| 24:29 | Miku Lito · first_market_sell 100 wood |
| 25:28 | Jhavi · age_up castle |
| 25:42 | Mitocondria · first_building Castle |
| 27:26 | Jhavi · first_building Monastery |
| 29:50 | Miku Lito · age_up castle |
| 30:43 | Jhavi · first_building Castle |
| 30:55 | eric.ashmore · first_market_buy 100 stone |
| 30:57 | Siku Liao · first_building Castle |
| 33:13 | Mitocondria · first_building Siege Workshop |
| 33:33 | Mitocondria · age_up imperial |
| 33:48 | eric.ashmore · age_up castle |
| 33:57 | eric.ashmore · first_building Castle |
| 35:43 | Siku Liao · age_up imperial |
| 39:56 | emilioOreo3217 · first_building Castle |
| 41:19 | Miku Lito · first_building Castle |
| 43:32 | emilioOreo3217 · first_building Archery Range |
| 43:43 | Siku Liao · wall_segment Stone Wall x19 |
| 44:43 | eric.ashmore · tribute_sent a jugador 1 |
| 44:43 | eric.ashmore · tribute_sent a jugador 3 |
| 44:43 | eric.ashmore · tribute_sent a jugador 4 |
| 44:43 | eric.ashmore · tribute_sent a jugador 5 |
| 44:43 | eric.ashmore · tribute_sent a jugador 6 |
| 46:20 | eric.ashmore · first_building Monastery |
| 47:41 | Siku Liao · first_building Siege Workshop |
| 50:42 | Miku Lito · first_building Monastery |
| 54:59 | Mitocondria · first_building Stable |
| 55:06 | eric.ashmore · first_building Siege Workshop |
| 56:28 | eric.ashmore · age_up imperial |
| 61:21 | Jhavi · first_market_buy 100 food |
| 61:36 | Siku Liao · first_market_buy 100 stone |
| 64:24 | Miku Lito · first_building Stable |
| 64:31 | Miku Lito · first_building Barracks |
| 64:39 | Jhavi · age_up imperial |
| 65:42 | Siku Liao · first_building Monastery |
| 68:24 | Miku Lito · wall_segment Palisade Wall x1 |
| 76:02 | Mitocondria · wall_segment Stone Wall x7 |
| 87:53 | Siku Liao · resign |
[ AI ANALYSIS · 1 CREDIT ]
What really happened in this match?
Wolo.gg analyzes every decision: build order, eco, micro, common mistakes by bracket. Personalized analysis on WhatsApp or Discord in 30 seconds.
Civ guide
Tatars
Map guide
Arabia
Perfil
eric.ashmore